 Dungeon Crawl Stone Soup version 0.28.0 (webtiles) character file.

Game seed: 5653069821494091799

1586 Renzlar the Shield-Bearer (level 8, -1/67 HPs)
             Began as a Gnoll Fighter on Feb 17, 2022.
             Was a Believer of Okawaru.
             Succumbed to Duvessa's poison
             ... on level 6 of the Dungeon.
             The game lasted 00:15:36 (5005 turns).

Renzlar the Shield-Bearer (Gnoll Fighter)           Turns: 5005, Time: 00:15:37

Health: -1/67      AC: 17    Str: 17    XL:     8   Next: 92%
Magic:  13/13      EV:  8    Int:  9    God:    Okawaru [**....]
Gold:   214        SH:  5    Dex: 11    Spells: 14/14 levels left

rFire   + . .      SeeInvis .   a - +0 war axe
rCold   + . .      Faith    .   c - +0 buckler
rNeg    . . .      Spirit   .   y - +0 chain mail
rPois   +          Reflect  .   (no helmet)
rElec   +          Harm     .   q - +0 cloak {rCorr}
rCorr   +          Rampage  .   n - +0 pair of gloves
Will    +....                   (no boots)
Stlth   ..........              d - amulet of regeneration
HPRegen 1.01/turn               e - ring of willpower
MPRegen 0.13/turn               o - +4 ring of protection

@: lethally poisoned (-1 -> -9), resistant
A: fangs 1, strong nose, distributed training
a: Renounce Religion, Heroism


You were on level 6 of the Dungeon.
You worshipped Okawaru.
Okawaru was pleased with you.
You visited 1 branch of the dungeon, and saw 6 of its levels.

You collected 214 gold pieces.

Inventory:

Hand Weapons
 a - a +0 war axe (weapon)
 b - the +4 mace of Qoriomit {holy, rCorr Dex+4}
   (You found it on level 2 of the Dungeon)

   It has been blessed by the Shining One to cause great damage to the undead
   and demons.
   Dex:       It affects your dexterity (+4).
   rCorr:     It protects you from acid and corrosion.
 m - a +0 short sword of electrocution
Missiles
 i - 148 stones (quivered)
 p - 42 bolts
Armour
 c - a +0 buckler (worn)
 n - a +0 pair of gloves (worn)
 q - a +0 cloak of preservation (worn)
 r - a +0 scale mail
 y - a +0 chain mail (worn)
Jewellery
 d - an amulet of regeneration (around neck)
 e - a ring of willpower (left hand)
 j - a ring of willpower
 o - a +4 ring of protection (right hand)
 w - a ring of poison resistance
Wands
 l - a wand of iceblast (12)
 u - a wand of digging (8)
Scrolls
 f - a scroll of fog
 s - 4 scrolls of teleportation
 x - a scroll of blinking
Potions
 h - 2 potions of invisibility
 k - a potion of curing {unknown}
 t - a potion of heal wounds {unknown}
 v - a potion of resistance


   Skills:
 + Level 7.6 Fighting
 + Level 3.7 Short Blades
 + Level 3.7 Long Blades
 + Level 5.9 Axes
 + Level 3.7 Maces & Flails
 + Level 3.7 Polearms
 + Level 3.7 Staves
 + Level 3.7 Slings
 + Level 3.7 Bows
 + Level 3.7 Crossbows
 + Level 3.7 Throwing
 + Level 7.6 Armour
 + Level 3.7 Dodging
 + Level 3.7 Stealth
 + Level 7.6 Shields
 + Level 3.7 Unarmed Combat
 + Level 3.7 Spellcasting
 + Level 3.0 Conjurations
 + Level 3.0 Hexes
 + Level 3.0 Summonings
 + Level 3.0 Necromancy
 + Level 3.0 Translocations
 + Level 3.0 Transmutations
 + Level 3.0 Fire Magic
 + Level 3.0 Ice Magic
 + Level 3.0 Air Magic
 + Level 3.0 Earth Magic
 + Level 3.0 Poison Magic
 + Level 4.0 Invocations
 + Level 3.7 Evocations


You had 14 spell levels left.
You didn't know any spells.
Your spell library contained the following spells:

 Spells                   Type           Power      Damage    Failure   Level
 Inner Flame              Hex/Fire       7%         N/A       98%         3
 Ozocubu's Armour         Ice            7%         N/A       98%         3
 Anguish                  Hex/Necr       3%         N/A       100%        4
 Cause Fear               Hex            3%         N/A       100%        4
 Enfeeble                 Hex            3%         N/A       100%        7
 Ozocubu's Refrigeration  Ice            3%         4d5       100%        7
 Discord                  Hex            3%         N/A       100%        8
 Tukima's Dance           Hex            Unusable   N/A       N/A         3

Dungeon Overview and Level Annotations

Branches:
Dungeon (6/15)
 Temple: D:4-7

Altars:
Dithmenos
Elyvilon
Okawaru

Shops:
D:2 !

Annotations:
D:6 Dowan


Innate Abilities, Weirdness & Mutations

You have very sharp teeth.
Your uncanny sense of smell can sniff out nearby items.
Your experience applies equally to all skills.


Message History

You feel extremely sick. You block Duvessa's attack. Duvessa barely misses you.
Dowan gestures wildly while chanting.
Dowan blinks!
You hit Duvessa.
Duvessa is almost dead.
* * * LOW HITPOINT WARNING * * *
You feel very sick. Duvessa completely misses you.
Duvessa hits you but does no damage.
You are lethally poisoned!
Unknown command.
You hit Duvessa but do no damage. You bite Duvessa, but do no damage.
Duvessa is almost dead.
* * * LOW HITPOINT WARNING * * *
You feel extremely sick. You block Duvessa's attack. x2
Unknown command.
Okay, then.
You slash Duvessa!
You kill Duvessa!
Okawaru accepts your kill.
You hear a distant wail of despair.
* * * LOW HITPOINT WARNING * * *
You feel very sick.
Your Conjurations skill increases to level 3!
Your Hexes skill increases to level 3!
Your Summonings skill increases to level 3!
Your Necromancy skill increases to level 3!
Your Translocations skill increases to level 3!
Your Transmutations skill increases to level 3!
Your Fire Magic skill increases to level 3!
Your Ice Magic skill increases to level 3!
Your Air Magic skill increases to level 3!
Your Earth Magic skill increases to level 3!
Your Poison Magic skill increases to level 3!
Your Invocations skill increases to level 4!
Unknown command.
It was a potion of resistance.
You feel protected.
You die...

.#.....#. ....... #
#.....# ##+## #.#...:.#.#
# ##...## #.........#
##.# ##.....## ###(# .#.#
##.......## ##.#e#
...###.........####.(..#
.....+.........'@)....(#
...###.........####.....#
..## ##.......## ##.##(#
#.# ##.....## ### .# #.#
##...## .# #.# ##'## .#
#.# #.# #^# #.# #†####
##.##


You could see Dowan (empowered).

Vanquished Creatures
  Prince Ribbit (D:6)
  Sigmund (D:2)
  Eustachio (D:4)
  Duvessa (D:6)
  2 ice beasts (D:6)
  An ogre (D:6)
  A scorpion (D:6)
  2 centaur zombies
  A bullfrog zombie (D:6)
  A hound (D:6)
  Crazy Yiuf (D:2)
  A gnoll shaman (D:6)
  4 orc priests (D:4)
  2 centaur skeletons (D:5)
  2 orc wizards (D:4)
  An iguana (D:6)
  A hound skeleton (D:4)
  7 adders
  4 gnolls (D:6)
  3 ufetubi
  2 dart slugs (D:2)
  A worm (D:2)
  12 orcs
  7 ball pythons
  4 bats (D:1)
  7 endoplasms
  2 giant cockroaches
  6 goblins
  7 hobgoblins
  7 jackals (D:1)
  6 kobolds
  8 quokkas
  3 frilled lizards (D:1)
  4 rats
114 creatures vanquished.

Notes
Turn   | Place    | Note
-------+----------+-------------------------------------------
     0 | D:1      | Renzlar the Gnoll Fighter began the quest for the Orb.
     0 | D:1      | Reached XP level 1. HP: 23/23 MP: 1/1
    64 | D:1      | Reached XP level 2. HP: 28/29 MP: 2/2
   645 | D:1      | Reached XP level 3. HP: 35/35 MP: 3/3
  1038 | D:1      | Reached skill level 1 in Invocations
  1214 | D:2      | Reached skill level 1 in Short Blades
  1214 | D:2      | Reached skill level 1 in Long Blades
  1214 | D:2      | Reached skill level 1 in Maces & Flails
  1214 | D:2      | Reached skill level 1 in Polearms
  1214 | D:2      | Reached skill level 1 in Staves
  1214 | D:2      | Reached skill level 1 in Slings
  1214 | D:2      | Reached skill level 1 in Bows
  1214 | D:2      | Reached skill level 1 in Crossbows
  1214 | D:2      | Reached skill level 1 in Throwing
  1214 | D:2      | Reached skill level 1 in Dodging
  1214 | D:2      | Reached skill level 1 in Stealth
  1214 | D:2      | Reached skill level 1 in Unarmed Combat
  1214 | D:2      | Reached skill level 1 in Spellcasting
  1214 | D:2      | Reached skill level 1 in Evocations
  1327 | D:2      | Reached XP level 4. HP: 33/41 MP: 5/5
  1478 | D:2      | Found Miolonet's Distillery.
  1601 | D:2      | Found a faded altar of an unknown god.
  1761 | D:2      | Noticed Sigmund
  1771 | D:2      | Killed Sigmund
  1772 | D:2      | Reached skill level 1 in Conjurations
  1772 | D:2      | Reached skill level 1 in Hexes
  1772 | D:2      | Reached skill level 1 in Summonings
  1772 | D:2      | Reached skill level 1 in Necromancy
  1772 | D:2      | Reached skill level 1 in Translocations
  1772 | D:2      | Reached skill level 1 in Transmutations
  1772 | D:2      | Reached skill level 1 in Fire Magic
  1772 | D:2      | Reached skill level 1 in Ice Magic
  1772 | D:2      | Reached skill level 1 in Air Magic
  1772 | D:2      | Reached skill level 1 in Earth Magic
  1772 | D:2      | Reached skill level 1 in Poison Magic
  1772 | D:2      | Reached XP level 5. HP: 47/47 MP: 5/7
  1772 | D:2      | Reached XP level 6. HP: 53/53 MP: 5/8
  2133 | D:2      | Found a runed translucent door.
  2134 | D:2      | Noticed Crazy Yiuf
  2143 | D:2      | Killed Crazy Yiuf
  2146 | D:2      | Identified the +4 mace of Qoriomit {holy, rCorr Dex+4}
  2690 | D:3      | Reached skill level 5 in Axes
  3091 | D:4      | Found an iron altar of Okawaru.
  3105 | D:4      | Became a worshipper of Warmaster Okawaru
  3198 | D:4      | Reached XP level 7. HP: 42/59 MP: 7/10
  3508 | D:4      | Noticed Eustachio
  3555 | D:4      | Killed Eustachio
  3555 | D:4      | Reached * piety under Okawaru
  3578 | D:4      | Found a white marble altar of Elyvilon.
  3911 | D:5      | Entered Level 5 of the Dungeon
  4451 | D:6      | Reached XP level 8. HP: 60/67 MP: 12/12
  4649 | D:6      | Found a shadowy altar of Dithmenos.
  4890 | D:6      | Reached ** piety under Okawaru
  4906 | D:6      | Noticed Prince Ribbit
  4918 | D:6      | Noticed Dowan
  4946 | D:6      | Killed Prince Ribbit
  4989 | D:6      | Noticed Duvessa
  5004 | D:6      | Killed Duvessa
  5004 | D:6      | HP: 2/67 [poisoned by Duvessa]
  5005 | D:6      | Succumbed to Duvessa's poison

Illustrated notes

Levels and vault maps discovered:
D:1:      minmay_arrival_radiant_lines, layout_loops_ring,
          kennysheep_small_spiral
D:2:      layout_loops_ring, serial_shops, nicolae_shop_behind_doors,
          shapermc_ecumenical_altar_ellora, uniq_crazy_yiuf_cottage,
          uniq_sigmund
D:3:      layout_loops_ring
D:4:      layout_loops_ring, elyvilon_altar_3, okawaru_metal_pillars_1_2,
          uniq_eustachio
D:5:      layout_cave_pools
D:6:      layout_loops_corners, mainiacjoe_overflow_alcove_4,
          nicolae_concentric_dashed_squares_mild, uniq_prince_ribbit1,
          uniq_duvessa

Skill      XL: |  1  2  3  4  5  6  7  8 |
---------------+-------------------------+-----
Invocations    | 1 2 3 4 |  4.0
Short Blades   | 1 2 3 |  3.7
Long Blades    | 1 2 3 |  3.7
Maces & Flails | 1 2 3 |  3.7
Polearms       | 1 2 3 |  3.7
Staves         | 1 2 3 |  3.7
Slings         | 1 2 3 |  3.7
Bows           | 1 2 3 |  3.7
Crossbows      | 1 2 3 |  3.7
Throwing       | 1 2 3 |  3.7
Dodging        | 1 2 3 |  3.7
Stealth        | 1 2 3 |  3.7
Unarmed Combat | 1 2 3 |  3.7
Spellcasting   | 1 2 3 |  3.7
Evocations     | 1 2 3 |  3.7
Conjurations   | 1 2 3 |  3.0
Hexes          | 1 2 3 |  3.0
Summonings     | 1 2 3 |  3.0
Necromancy     | 1 2 3 |  3.0
Translocations | 1 2 3 |  3.0
Transmutations | 1 2 3 |  3.0
Fire Magic     | 1 2 3 |  3.0
Ice Magic      | 1 2 3 |  3.0
Air Magic      | 1 2 3 |  3.0
Earth Magic    | 1 2 3 |  3.0
Poison Magic   | 1 2 3 |  3.0
Axes           | 5 |  5.9
Fighting       | 7 |  7.6
Armour         | 7 |  7.6
Shields        | 7 |  7.6

Action                   |  1- 3 |  4- 6 |  7- 9 || total
-------------------------+-------+-------+-------++-------
Melee: War axe           |   107 |    38 |    47 ||   192
       Bite              |     7 |    10 |    18 ||    35
       Mace              |       |    56 |   143 ||   199
Throw: Stone             |       |     3 |    11 ||    14
       Dart              |       |       |    10 ||    10
Invok: Heroism           |       |       |     1 ||     1
  Use: Scroll            |     1 |     5 |     5 ||    11
       Potion            |       |     2 |     1 ||     3
Armor: Scale mail        |    53 |    18 |       ||    71
       Chain mail        |       |    12 |   164 ||   176
Dodge: Dodged            |    40 |    33 |   106 ||   179
Block: Buckler           |    33 |    12 |    71 ||   116
